 Dungeon Crawl Stone Soup version 0.27-a0-320-g81d27af2d4 (webtiles) character file.

Game seed: 5956527414583408077

875 kae the Ruffian (level 7, 0/57 HPs)
             Began as a Yellow Draconian Transmuter on Feb 10, 2021.
             Was an Initiate of Ru.
             Slain by a white imp (4 damage)
             ... on level 5 of the Dungeon.
             The game lasted 00:02:45 (5561 turns).

kae the Ruffian (Yellow Draconian Transmuter)       Turns: 5561, Time: 00:02:46

Health: 0/57       AC:  6    Str: 14    XL:     7   Next: 74%
Magic:  11/12      EV: 13    Int: 14    God:    Ru [......]
Gold:   176        SH:  0    Dex: 11    Spells: 4/12 levels left

rFire    . . .     SeeInvis .     - Unarmed
rCold    . . .     Faith    .   (no shield)
rNeg     . . .     Spirit   .   (armour unavailable)
rPois    .         Reflect  .   (helmet restricted)
rElec    .         Harm     .   (no cloak)
rCorr    +         Rampage  .   (no gloves)
Will     .....                  (no boots)
Stlth    +.........             (no amulet)
HPRegen  0.19/turn              (no ring)
MPRegen  0.13/turn              (no ring)

@: short of breath
A: spit acid, unfitting armour, cold-blooded, acid resistance, AC +6
a: Breathe Acid, Renounce Religion


You were on level 5 of the Dungeon.
You worshipped Ru.
Ru was noncommittal.
You visited 1 branch of the dungeon, and saw 5 of its levels.

You collected 176 gold pieces.

Inventory:

Jewellery
 q - a +4 ring of slaying
 t - an amulet of regeneration {unknown}
 u - a +4 ring of evasion {unknown}
Wands
 l - a wand of polymorph (10)
 o - a wand of iceblast (6)
Scrolls
 a - a scroll of magic mapping {unknown}
 b - a scroll of enchant weapon {unknown}
 f - 3 scrolls of fog {unknown}
 g - 4 scrolls of identify {unknown}
 j - a scroll of blinking {unknown}
 k - a scroll of enchant armour {unknown}
 m - a scroll of noise {unknown}
Potions
 c - 3 potions of curing {unknown}
 d - a potion of heal wounds {unknown}
 e - 2 potions of flight {unknown}
 h - a potion of invisibility {unknown}
 i - a potion of cancellation {unknown}
 n - a potion of brilliance
 p - 2 potions of attraction {unknown}
 r - 2 potions of degeneration {unknown}
 s - a potion of mutation {unknown}


   Skills:
 + Level 3.3 Fighting
 + Level 3.2 Dodging
 * Level 5.2 Unarmed Combat
 + Level 3.3 Spellcasting
 * Level 4.4 Transmutations
 * Level 2.6 Ice Magic
 - Level 2.0 Poison Magic


You had 4 spell levels left.
You knew the following spells:

 Your Spells              Type           Power        Failure   Level
a - Beastly Appendage     Tmut           28%          3%          1
b - Spider Form           Tmut/Pois      5%           17%         3
c - Ice Form              Ice/Tmut       12%          43%         4

Your spell library contained the following spells:

 Spells                   Type           Power        Failure   Level
 Wereblood                Tmut           14%          4%          2
 Blade Hands              Tmut           7%           67%         5


Dungeon Overview and Level Annotations

Branches:
Dungeon (5/15)
 Temple: D:4-7

Altars:
Fedhas
Gozag
Nemelex Xobeh
Qazlal
Ru
Yredelemnul
The Shining One

Annotations:
D:3 exclusion: oklob plant


Innate Abilities, Weirdness & Mutations

You can spit globs of acid.
Your golden yellow scales are hard. (AC +6)
You cannot fit into any form of body armour.
You are cold-blooded and may be slowed by cold attacks.
You are resistant to acid. (rCorr)


Message History

The phantom hits you!
The phantom blinks!
You blink.
You barely miss the phantom. The phantom hits you.
You hit the phantom.
The phantom is lightly damaged.
Your transformation is almost over.
The white imp gestures at you. The puff of frost hits you!
The phantom hits you!
You are too injured to fight recklessly!
You are too injured to fight recklessly!
You are too injured to fight recklessly!
You are too injured to fight recklessly!
You completely miss the phantom.
The phantom is lightly damaged.
The white imp gestures at you. The puff of frost hits you!
The phantom barely misses you.
You are too injured to fight recklessly!
You are too injured to fight recklessly!
You hit the phantom.
The phantom is moderately damaged.
The white imp gestures at you. The puff of frost misses you.
The puff of frost hits the phantom.
The phantom resists.
The phantom closely misses you.
You hit the phantom.
The phantom is heavily damaged.
You bite the white imp!
The white imp is almost dead.
The phantom closely misses you. The white imp completely misses you.
You hit the white imp but do no damage.
The white imp is almost dead.
The white imp barely misses you. The phantom hits you!
* * * LOW HITPOINT WARNING * * *
The phantom blinks!
You blink.
The phantom hits you!
* * * LOW HITPOINT WARNING * * *
The phantom blinks!
You blink.
Your transformation has ended.
The white imp hits you.
* * * LOW HITPOINT WARNING * * *
The white imp freezes you.
You die...

#... #.#...##
##.##...#
##...#...##
....##...##
#...#....### #
#...#......###..#
#..............#
#.W.@5<.§......#
#....†...###..##
#......### .#
##....## #
.....## .....##
..^..# .....##


You could see a phantom and a white imp.

Vanquished Creatures
  Grinder (D:4)
  A sky beast (D:4)
  3 ogres (D:4)
  A scorpion (D:4)
  A hound (D:4)
  An orc priest (D:3)
  2 orc wizards
  A worker ant (D:5)
  4 gnolls (D:3)
  4 adders
  3 oozes
  3 worms
  A dart slug (D:1)
  A leopard gecko (D:3)
  7 orcs
  5 giant cockroaches
  4 goblins
  3 hobgoblins (D:2)
  4 jackals (D:3)
  A quokka (D:2)
  3 bats
  4 frilled lizards
  5 kobolds
  4 rats
67 creatures vanquished.

Vanquished Creatures (others)
  13 toadstools (D:3)
13 creatures vanquished.

Grand Total: 80 creatures vanquished

Notes
Turn   | Place    | Note
-------+----------+-------------------------------------------
     0 | D:1      | kae the Draconian Transmuter began the quest for the Orb.
     0 | D:1      | Reached XP level 1. HP: 16/16 MP: 3/3
   259 | D:1      | Reached XP level 2. HP: 23/23 MP: 5/5
   975 | D:2      | Reached XP level 3. HP: 29/29 MP: 4/6
  2212 | D:2      | Learned a level 3 spell: Spider Form
  2343 | D:3      | Reached XP level 4. HP: 26/36 MP: 4/7
  3185 | D:3      | Reached skill level 4 in Unarmed Combat
  3185 | D:3      | Reached skill level 1 in Poison Magic
  3185 | D:3      | Reached XP level 5. HP: 3/41 MP: 5/8
  3695 | D:3      | Found a basalt altar of Yredelemnul.
  3710 | D:3      | Found a blossoming altar of Fedhas.
  3730 | D:3      | Noticed an oklob plant
  3781 | D:3      | Found a glowing golden altar of the Shining One.
  3784 | D:3      | Noticed an angel
  3828 | D:3      | Found a sparkling altar of Nemelex Xobeh.
  3983 | D:4      | Noticed an ogre
  3992 | D:4      | Killed an ogre
  3993 | D:4      | Reached XP level 6. HP: 50/50 MP: 5/10
  4070 | D:4      | Learned a level 4 spell: Ice Form
  4157 | D:4      | Found an opulent altar of Gozag.
  4158 | D:4      | Found a stormy altar of Qazlal.
  4159 | D:4      | Found a sacrificial altar of Ru.
  4174 | D:4      | Became a worshipper of Ru the Awakened
  4469 | D:4      | Noticed a sky beast
  4478 | D:4      | Killed a sky beast
  4479 | D:4      | Reached skill level 1 in Ice Magic
  4590 | D:4      | Your scales start taking on a golden yellow colour.
  4590 | D:4      | Reached XP level 7. HP: 15/56 MP: 5/11
  4590 | D:4      | Gained mutation: You are resistant to acid. (rCorr) [Yellow
                  | Draconian growth]
  4895 | D:4      | Noticed Grinder
  4916 | D:4      | Killed Grinder
  4917 | D:4      | Reached skill level 5 in Unarmed Combat
  5543 | D:5      | Entered Level 5 of the Dungeon
  5561 | D:5      | Slain by a white imp

Illustrated notes

Levels and vault maps discovered:
D:1:      dpeg_arrival_tiny_f, layout_basic
D:2:      layout_loops_ring, hangedman_decor_diamond_cutter
D:3:      layout_basic, grunt_temple_overflow_holy_war, tgw_fedhas,
          minmay_misc_feat_square, nemelex_diamond_rough_becter
D:4:      layout_loops_cross, chequers_temple_overflow_statue_of_worship,
          chequers_mini_garden, uniq_grinder
D:5:      minmay_clustersquares, layout_layer_cave, grunt_temple_overflow_open,
          minmay_temple_entry_junction_2, hangedman_decor_lopped

Skill      XL: |  1  2  3  4  5  6  7 |
---------------+----------------------+-----
Dodging        | 2 3 |  3.2
Fighting       | 2 3 |  3.3
Unarmed Combat | 4 5 |  5.2
Poison Magic   | 1 2 |  2.0
Transmutations | 3 4 |  4.4
Spellcasting   | 3 |  3.3
Ice Magic      | 1 2 |  2.6

Action                   |  1- 3 |  4- 6 |  7- 9 || total
-------------------------+-------+-------+-------++-------
Melee: Unarmed           |   113 |   119 |    32 ||   264
       Kick              |     9 |    13 |       ||    22
       Headbutt          |    11 |    10 |       ||    21
       Tailslap          |    11 |     9 |       ||    20
       Punch             |     2 |     2 |       ||     4
 Cast: Beastly Appendage |    23 |    15 |       ||    38
       Spider Form       |     1 |     7 |     3 ||    11
 Abil: Breathe Acid      |       |       |     1 ||     1
  Use: Potion            |       |     2 |       ||     2
 Stab: Sleeping          |       |     1 |       ||     1
Armor: Skin              |    36 |    24 |       ||    60
Dodge: Dodged            |    94 |   112 |    26 ||   232

Table legend: (Time is in decaauts)
 A = Elapsed time spent in this place.
 B = Non-inter-level travel time spent in this place.
 C = Inter-level travel time spent in this place.
 D = Time resting spent in this place.
 E = Time spent auto-exploring this place.
 F = Levels seen in this place.
 G = Mean time per level.
                   A        B        C        D        E       F      G
               +--------+--------+--------+--------+--------+-----+--------+
         Total |   5527 |   5410 |    117 |   1348 |   3384 |   5 | 1105.4 |
       Dungeon |   5527 |   5410 |    117 |   1348 |   3384 |   5 | 1105.4 |
               +--------+--------+--------+--------+--------+-----+--------+

Top non-repeatable levels by time:
     D:2: 1745 daAuts
     D:4: 1556 daAuts
     D:3: 1166 daAuts
     D:1: 1042 daAuts
     D:5: 16 daAuts
